 Dungeon Crawl Stone Soup version 0.31-a0-949-g57150269e1 (webtiles) character file.

Game seed: 12999473544917985049

21 Zonian the Magician (level 2, -1/15 HPs)
             Began as a Deep Elf Hedge Wizard on Oct 21, 2023.
             Was a Follower of Qazlal.
             Slain by Terence
             ... wielding a +0 hand axe
              (6 damage)
             ... on level 2 of the Dungeon.
             The game lasted 00:03:04 (1216 turns).

Zonian the Magician (Deep Elf Hedge Wizard)         Turns: 1216, Time: 00:03:04

Health: -1/15      AC:  3    Str:  7    XL:     2   Next: 62%
Magic:  2/9        EV: 12    Int: 18    God:    Qazlal [*.....]
Gold:   50         SH:  2    Dex: 14    Spells: 9/10 levels left

rFire   . . .        e - +0 spear (flame)
rCold   . . .        (no shield)
rNeg    + . .        b - +0 robe
rPois   .            g - +0 helmet
rElec   .            (no cloak)
rCorr   .            (no gloves)
SInv    .            (no boots)
Will    .....        (no amulet)
Stlth   ++           j - ring of positive energy
HPRegen 0.22/turn    (no ring)
MPRegen 0.11/turn

%: no passive effects
@: no status effects
A: no striking features
a: Renounce Religion


You were on level 2 of the Dungeon.
You worshipped Qazlal.
Qazlal was aware of your devotion.
You visited 1 branch of the dungeon, and saw 2 of its levels.

You collected 50 gold pieces.

Inventory:

Hand Weapons
 a - a +0 dagger
 e - a +0 spear of flaming (weapon)
 f - a +0 sling
Armour
 b - a +0 robe (worn)
 c - a +0 hat
 g - a +0 helmet (worn)
Jewellery
 j - a ring of positive energy (left hand)
Talismans
 k - a flux talisman
Wands
 o - a wand of iceblast (8)
Scrolls
 l - a scroll of immolation {unknown}
Potions
 d - a potion of magic
 h - a potion of heal wounds {unknown}
 i - 2 potions of mutation {unknown}
 m - a potion of curing {unknown}
 n - a potion of ambrosia {unknown}


   Skills:
 - Level 2.5 Dodging
 - Level 2.8 Stealth
 + Level 4.8 Spellcasting
 + Level 1.9 Conjurations
 - Level 1.2 Summonings
 - Level 1.2 Translocations


You had 9 spell levels left.
You knew the following spells:

 Your Spells              Type           Power      Damage    Failure   Level
a - Magic Dart            Conj           44%        1d5       6%          1

Your spell library contained the following spells:

 Spells                   Type           Power      Damage    Failure   Level
 Blink                    Tloc           16%        N/A       12%         2
 Call Imp                 Summ           16%        N/A       12%         2
 Slow                     Hex            16%        N/A       14%         1
 Cigotuvi's Dreadful Rot  Necr/Pois/Air  8%         N/A       21%         2
 Mephitic Cloud           Conj/Pois/Air  6%         N/A       30%         3


Dungeon Overview and Level Annotations

Branches:
Dungeon (2/15)

Altars:
Qazlal

Annotations:
D:2 Terence


Message History

Unknown command.
Casting: Magic Dart (safe; 6% risk of failure)
Confirm with . or Enter, or press ? or * to list all spells.
Aiming: Magic Dart (safe; 6% risk of failure)
Press: ? - help, Shift-Dir - straight line, f/p - Terence
Aim: Terence, wielding a +0 hand axe and wearing a +0 scale mail (lightly wounded, 100% to hit)
The magic dart hits Terence but does no damage.
Terence is lightly wounded.
Terence barely misses you.
Okay, then.
Okay, then.
Okay, then.
Casting: Magic Dart (safe; 6% risk of failure)
Confirm with . or Enter, or press ? or * to list all spells.
Aiming: Magic Dart (safe; 6% risk of failure)
Press: ? - help, Shift-Dir - straight line, f/p - Terence
Aim: Terence, wielding a +0 hand axe and wearing a +0 scale mail (lightly wounded, 100% to hit)
The magic dart hits Terence but does no damage.
Terence is lightly wounded.
Terence hits you with a +0 hand axe.
* * * LOW HITPOINT WARNING * * *
Okay, then.
Aiming: Iceblast
Press: ? - help, Shift-Dir - straight line, f/p - Terence
Aim: Terence, wielding a +0 hand axe and wearing a +0 scale mail (lightly wounded)
Okay, then.
Unknown command.
Okay, then.
Casting: Magic Dart (safe; 6% risk of failure)
Confirm with . or Enter, or press ? or * to list all spells.
Aiming: Magic Dart (safe; 6% risk of failure)
Press: ? - help, Shift-Dir - straight line, f/p - Terence
Aim: Terence, wielding a +0 hand axe and wearing a +0 scale mail (lightly wounded, 100% to hit)
The magic dart hits Terence but does no damage.
Terence is lightly wounded.
Terence hits you but does no damage.
You hit Terence but do no damage.
Terence is lightly wounded.
Terence hits you with a +0 hand axe.
You die...

.# . #
###.####..# ## #.
#.........# . #
#..###.#.####.##
. #
#.............#
.# ..
.......#.#######.
### .#####..# #.
# #.## ##. # #.#
#.# # #.# #@# #
#.#####@##.##..
...
##.##.........#
...
#......#.##.#.b.
... ##.##..)#..
.. ###
####..#)##.#..# .
#..#.# # ## ##..
$ #.#.##


You could see Terence.

Vanquished Creatures
  2 ball pythons
  A giant cockroach (D:1)
  A goblin (D:1)
  3 hobgoblins
  A quokka (D:1)
  2 bats (D:1)
  6 frilled lizards (D:1)
  3 kobolds
  2 rats (D:1)
21 creatures vanquished.

Notes
Turn   | Place    | Note
-------+----------+-------------------------------------------
     0 | D:1      | Zonian the Deep Elf Hedge Wizard began the quest for the
                  | Orb.
     0 | D:1      | Reached XP level 1. HP: 10/10 MP: 7/7
   175 | D:1      | Found a faded altar of an unknown god.
   214 | D:1      | Prayed at the altar of an unknown god.
   214 | D:1      | Became a worshipper of Qazlal Stormbringer
   214 | D:1      | Reached * piety under Qazlal
   478 | D:1      | Reached XP level 2. HP: 15/15 MP: 9/9
  1069 | D:1      | You fall into a shaft and drop 1 floor!
  1201 | D:2      | Noticed Terence
  1216 | D:2      | Slain by Terence

Illustrated notes

Levels and vault maps discovered:
D:1:      minmay_arrival_solitary_statue, layout_loops_ring,
          shapermc_ecumenical_altar_acropolis, minmay_misc_feat_more_columns
D:2:      layout_loops_ring, minmay_small_reverse_x, uniq_robin, uniq_terence

Action                     || total
---------------------------++-------
  Melee: Spear             ||    31
   Cast: Magic Dart        ||    38
 Armour: Robe              ||    24
  Dodge: Dodged            ||    21
  Block: Other             ||     2

Table legend: (Time is in decaauts)
 A = Elapsed time spent in this place.
 B = Non-inter-level travel time spent in this place.
 C = Inter-level travel time spent in this place.
 D = Time resting spent in this place.
 E = Time spent auto-exploring this place.
 F = Levels seen in this place.
 G = Mean time per level.
                   A        B        C        D        E       F      G
               +--------+--------+--------+--------+--------+-----+--------+
         Total |   1219 |   1219 |      0 |    389 |    627 |   2 |  609.5 |
       Dungeon |   1219 |   1219 |      0 |    389 |    627 |   2 |  609.5 |
               +--------+--------+--------+--------+--------+-----+--------+

Top non-repeatable levels by time:
     D:1: 1072 daAuts
     D:2: 147 daAuts
